 Dungeon Sprint DCSS version 0.31-a0-656-gb4d89c20fa (webtiles) character file.

Game seed: 12529960960228641955

315 rocky1 the Grappler (level 6, -5/43 HPs)
             Began as a Djinni Shapeshifter on Aug 31, 2023.
             Was an Initiate of Gozag.
             Slain by a spatial vortex (25 damage)
             ... in the Dungeon (Sprint III: "The Ten Rune Challenge").
             The game lasted 00:02:08 (1353 turns).

rocky1 the Grappler (Djinni Shapeshifter)           Turns: 1353, Time: 00:02:09

Health: -5/43      AC:  2    Str: 13    XL:     6   Next: 72%
Gold:   29         EV: 13    Int: 14    God:    Gozag SH:  0 Dex: 12

rFire   + +          .
                       - Unarmed
rCold   x . .        (no shield)
rNeg    . . .        a - +0 animal skin
rPois   ∞            (helmet currently unavailable)
rElec   .            (cloak currently unavailable)
rCorr   .            (gloves currently unavailable)
SInv    .            (boots unavailable)
Will    .....        (no amulet)
Stlth   ++           (no ring)
HPRegen 0.27/turn    (no ring)
MPRegen 0.00/turn

%: no teleportation, infuse magic (-6 HP)
@: beast-form, flying
A: beast (slay +4), flying, sickness immunity, fire resistance 2, cold
vulnerability 1, float, innate caster, HP casting, extra vitality 1
a: Begin Untransformation, Renounce Religion, Potion Petition, Call Merchant,
Bribe Branch


You were in the Dungeon.
You worshipped Gozag.
Gozag was noncommittal.
You were a hulking beast.
You visited 1 branch You collected 29 gold pieces.

Inventory:

Armour
 a - a +0 animal skin (worn)
 b - a +0 cloak
Talismans
 c - a beast talisman (active)
 d - a flux talisman
Scrolls
 i - a scroll of blinking
 k - a scroll of torment {unknown}
 l - 2 scrolls of identify {unknown}
 n - a scroll of immolation {unknown}
Potions
 e - a potion of curing
 f - a potion of heal wounds
 g - 2 potions of haste
 j - 5 potions of mutation
 m - a potion of might {unknown}
 o - a potion of brilliance {unknown}
Miscellaneous
 h - a phantom mirror


   Skills:
 + Level 2.1 Fighting
 + Level 3.8 Dodging
 + Level 1.3 Stealth
 + Level 9.6 Unarmed Combat
 + Level 7.8 Shapeshifting


You knew the following spells:

 Your Spells              Type           Power      Damage    Failure   Level
a - Foxfire               Conj/Fire      0%         2x1d4     28%         1
b - Passwall              Tmut/Erth      0%         N/A       41%         2
Your spell library was empty.

Dungeon Overview and Level Annotations

Branches:
Dungeon (1/1)

Altars:
Cheibriados
Fedhas
Gozag
Hepliaklqana
Makhleb
Nemelex Xobeh
Qazlal
Xom
Jiyva
Lugonu


Innate Abilities, Weirdness & Mutations

You are a hulking beast.
Your limbs bulge with bestial killing power. (Slay +4)
You are flying.
You are immune to sickness and miasma.
You are immune to poison.
Your flesh is very heat resistant. (rF++)
You are vulnerable to cold. (rC-)
You float through the air rather than walking.
You learn spells naturally, not from books.
Your magical power is your life essence.
You have superior vitality. (+4 MHP)


Message History

Your Shapeshifting skill increases to level 7!
You have reached level 6!
Unknown command.
You start resting.
HP restored.
You start waiting.
You reach down and open the door.
Found five altars.
A spatial vortex comes into view.
Found a phantom mirror.
Found five altars.
There is an open door here.
There is a snail-covered altar of Cheibriados here.
There is a hazy altar of Hepliaklqana here.
There is an opulent altar of Gozag here.
You hover solemnly before the altar of Gozag.
Gozag welcomes you!
Gozag waives the service fee.
There is a sparkling altar of Nemelex Xobeh here.
You see here a phantom mirror.
h - a phantom mirror
There is an opulent altar of Gozag here.
There is a hazy altar of Hepliaklqana here.
There is a snail-covered altar of Cheibriados here.
There is a blossoming altar of Fedhas here.
There is an open door here.
You reach down and close the door.
You punch the spatial vortex!
The spatial vortex is lightly damaged.
You barely miss the spatial vortex.
The spatial vortex is lightly damaged.
You punch the spatial vortex! x2
The spatial vortex is severely damaged.
You hit the spatial vortex.
The spatial vortex is severely damaged.
The spatial vortex hits you!!
Ouch! That really hurt!
Space warps horribly around you!!
Ouch! That really hurt!
You die...
Your body crumbles into a pile of gold.

▓▓▓ ##.# ####..#
#..#..#
#..#..###+#+###+##
##'#..#..........#
###...'.⌠.......v#
###...#...######h#
##....#.⌠.#__#...#
#.....#...#__#...#
.)....#+###__#...#
#.....# #__#...+
##....# #__+...#
▓▓▓▓▓▓ ▓▓▓▓▓▓▓▓


You could see a spatial vortex.

Vanquished Creatures
  A shadow (D)
  A water elemental (D)
  A jelly (D)
  Crazy Yiuf (D)
  Jessica (D)
  A human (D)
  2 endoplasms (D)
  A rat (D)
9 creatures vanquished.

Notes
Turn   | Place    | Note
-------+----------+-------------------------------------------
     0 | D        | rocky1 the Djinni Shapeshifter began the quest for the Orb.
     0 | D        | Reached XP level 1. HP: 17/17 MP: 0/0
    67 | D        | Noticed Jessica
    72 | D        | Killed Jessica
    73 | D        | Reached skill level 4 in Unarmed Combat
    73 | D        | Reached XP level 2. HP: 22/22 MP: 0/0
    73 | D        | Reached XP level 3. HP: 27/27 MP: 0/0
    73 | D        | Learned a level 1 spell: Foxfire
   254 | D        | Reached skill level 5 in Unarmed Combat
   491 | D        | Noticed Crazy Yiuf
   494 | D        | Killed Crazy Yiuf
   495 | D        | Reached skill level 6 in Unarmed Combat
   495 | D        | Reached skill level 5 in Shapeshifting
   495 | D        | Reached XP level 4. HP: 32/32 MP: 0/0
   884 | D        | Noticed a water elemental
   893 | D        | Killed a water elemental
   894 | D        | Reached skill level 7 in Unarmed Combat
   894 | D        | Reached XP level 5. HP: 32/37 MP: 0/0
   894 | D        | Learned a level 2 spell: Passwall
  1244 | D        | Noticed a shadow
  1250 | D        | Killed a shadow
  1251 | D        | Reached skill level 1 in Stealth
  1251 | D        | Reached skill level 9 in Unarmed Combat
  1251 | D        | Reached XP level 6. HP: 39/43 MP: 0/0
  1330 | D        | Found a blossoming altar of Fedhas.
  1330 | D        | Found a stormy altar of Qazlal.
  1330 | D        | Found a snail-covered altar of Cheibriados.
  1330 | D        | Found a burning altar of Makhleb.
  1330 | D        | Found a shimmering altar of Xom.
  1331 | D        | Found a hazy altar of Hepliaklqana.
  1331 | D        | Found an opulent altar of Gozag.
  1331 | D        | Found a sparkling altar of Nemelex Xobeh.
  1331 | D        | Found a corrupted altar of Lugonu.
  1331 | D        | Found a viscous altar of Jiyva.
  1331 | D        | Noticed a spatial vortex
  1335 | D        | Became a worshipper of Gozag Ym Sagoz the Greedy
  1353 | D        | Slain by a spatial vortex

Illustrated notes

Levels and vault maps discovered:
D:        dungeon_sprint_mu [sprint_mu_entry_cave, sprint_mu_temple_rooms,
          sprint_mu_d1_horrors, sprint_mu_d2_genie, sprint_mu_d3_branching,
          sprint_mu_orc_legion, sprint_mu_elf_gauntlet, sprint_mu_hive_nellie,
          sprint_mu_lair_fedhas, sprint_mu_vaults_butterflies,
          sprint_mu_slime_circle, sprint_mu_swamp_cave, sprint_mu_shoals_kraken,
          sprint_mu_blade_basic, sprint_mu_crypt_fortress,
          sprint_mu_tomb_spiral, sprint_mu_vestibule_basic,
          sprint_mu_gehenna_hellfire, sprint_mu_dis_giant,
          sprint_mu_tartarus_statrot, sprint_mu_cocytus_islands, sprint_mu_zot1]

Skill      XL: |  1  2  3  4  5 |
---------------+----------------+-----
Shapeshifting  | 4 5 6 7 |  7.8
Unarmed Combat | 4 6 7 9 |  9.6
Dodging        | 3 |  3.8
Fighting       | 2 |  2.1
Stealth        | 1 |  1.3

Action                     |  1- 3 |  4- 6 || total
---------------------------+-------+-------++-------
  Melee: Unarmed           |    32 |    22 ||    54
         Punch             |       |     2 ||     2
    Use: Potion            |     1 |     1 ||     2
 Armour: Animal skin       |     2 |       ||     2
         Skin              |     1 |       ||     1
  Dodge: Dodged            |    13 |     6 ||    19

Table legend: (Time is in decaauts)
 A = Elapsed time spent in this place.
 B = Non-inter-level travel time spent in this place.
 C = Inter-level travel time spent in this place.
 D = Time resting spent in this place.
 E = Time spent auto-exploring this place.
 F = Levels seen in this place.
 G = Mean time per level.
                   A        B        C        D        E       F      G
               +--------+--------+--------+--------+--------+-----+--------+
         Total |   1354 |   1354 |      0 |   1176 |     14 |   1 | 1354.0 |
       Dungeon |   1354 |   1354 |      0 |   1176 |     14 |   1 | 1354.0 |
               +--------+--------+--------+--------+--------+-----+--------+

Top non-repeatable levels by time:
       D: 1354 daAuts
